Cogmind - Beta 15 --- EXPLORER MODE // 2025.10.04 @ 16:23:56 Player: Akogishi Result: Self-destructed Performance ------------- Evolutions (1) 500 Regions Visited (3) 600 Robots Destroyed (38) 190 Value Destroyed (981) 981 Prototype IDs (5) 100 Alien Tech Used (0) 0 Bonus (0) 0 TOTAL SCORE: 2371 Bonus ------- None Cogmind --------- Core Integrity 208/400 Matter 280/300 Energy 280/280 System Corruption 0% Temperature Warm (131) Movement Flying (169) Ox2 Location -9/Storage Parts ------- > --- POWER (1) -------- Cooled Ion Engine > --- PROPULSION (3) --- Improved VTOL Module Improved VTOL Module Improved VTOL Module > --- UTILITY (4) ------ Large Storage Unit Terrain Scan Processor Utility Shielding Drone Bay (2/2) > --- WEAPON (2) ------- Improved Medium Laser Advanced Beam Cannon > --- INVENTORY (15) --- Heavy Ion Engine Cesium-ion Thruster Cesium-ion Thruster Cesium-ion Thruster Cesium-ion Thruster Improved VTOL Module Structural Scanner Terrain Scanner Reaction Control System Utility Shielding Shield Generator EM Shotgun Advanced Beam Cannon EMP Blaster Mining Claw Peak State ------------ > --- POWER ------------ Cooled Ion Engine > --- PROPULSION ------- Improved VTOL Module Improved VTOL Module Improved VTOL Module > --- UTILITY ---------- Large Storage Unit Terrain Scan Processor Utility Shielding Drone Bay > --- WEAPON ----------- Improved Medium Laser Advanced Beam Cannon > --- INVENTORY -------- Heavy Ion Engine Cesium-ion Thruster Cesium-ion Thruster Cesium-ion Thruster Cesium-ion Thruster Improved VTOL Module Structural Scanner Terrain Scanner Reaction Control System Utility Shielding Shield Generator EM Shotgun Advanced Beam Cannon EMP Blaster Mining Claw [Rating: 33] Favorites ----------- Power Cooled Ion Engine Engine Cooled Ion Engine Propulsion Improved VTOL Module Treads Light Treads Leg Aluminum Leg Flight Unit Improved VTOL Module Utility Large Storage Unit Device Terrain Scanner Storage Large Storage Unit Processor Terrain Scan Processor Protection Utility Shielding Weapon EM Shotgun Energy Gun EM Shotgun Energy Cannon Advanced Beam Cannon Ballistic Gun Assault Rifle Launcher EMP Blaster Slashing Weapon Mining Claw Build | -11 -10 -9 -9 ------- Run | Yrd Mat Mat Sto Slots Evolved 3 | . 1 2 . Power . | . . . . Propulsion 1 | . 1 . . Utility 2 | . . 2 . Weapon . | . . . . Parts Attached 42 | 8 15 9 10 Power 8 | 1 3 1 3 Engine 8 | 1 3 1 3 Core . | . . . . Reactor . | . . . . Propulsion 7 | 2 2 3 . Treads 1 | . 1 . . Leg 3 | 2 1 . . Wheel . | . . . . Hover . | . . . . Flight 3 | . . 3 . Utility 10 | 2 3 3 2 Device 2 | . . 1 1 Storage 3 | 1 2 . . Processor 3 | 1 1 1 . Hackware . | . . . . Protection 2 | . . 1 1 Artifact . | . . . . Weapon 17 | 3 7 2 5 Energy Gun 8 | 1 3 2 2 Energy Cannon 4 | . 2 . 2 Ballistic Gun 2 | 2 . . . Ballistic Cannon . | . . . . Launcher 1 | . . . 1 Special Weapon . | . . . . Impact Weapon . | . . . . Slashing Weapon 2 | . 2 . . Piercing Weapon . | . . . . Special Melee Weapon . | . . . . Unidentified Prototypes 5 | . . 1 4 Parts Lost 2 | . . . 2 Power 1 | . . . 1 Propulsion . | . . . . Utility . | . . . . Weapon 1 | . . . 1 Highest Loss Streak 1 | . . . 1 To Critical Strikes . | . . . . Average Backups 13 | 5 13 13 13 Power . | . . 1 . Propulsion 3 | 1 2 4 5 Utility 4 | 2 5 4 4 Weapon 3 | . 3 3 3 Tool/Special . | . . . . Unused Backups 21 | . 7 5 9 Power 1 | . . . 1 Propulsion 11 | . 2 4 5 Utility 7 | . 3 1 3 Weapon 2 | . 2 . . Tool/Special . | . . . . Average Slot Usage (%) 98 | . 100 98 98 Engine 10 | . 12 10 9 Leg 11 | . 35 6 . Flight 19 | . . 23 29 Device 6 | . . 10 9 Storage 11 | . 14 10 10 Processor 9 | . 9 9 10 Protection 7 | . . 9 10 Energy Gun 13 | . 9 19 13 Energy Cannon 3 | . 5 . 4 Ballistic Gun 2 | . 8 . . Slashing Weapon 1 | . 1 . 1 Peak Build Rating 33 | 7 13 26 33 Average Rating 20 | 4 10 23 27 On Entrance 11 | . 7 13 26 Naked Turns . | . . . . Heaviest Build 38 | 19 35 35 38 Greatest Support 30 | 20 30 30 15 Greatest Overweight (x) 6 | 1 1 6 2 Average Overweight (x) 1 | . . 1 1 Largest Inventory Capacity 15 | 10 15 15 15 Average Capacity 14 | 8 14 15 15 Most Carried 15 | 9 15 14 15 Average Carried 13 | 5 13 13 13 Final Capacity 15 | 10 15 15 15 Final Carried 15 | 7 15 14 15 Class Distribution -------------------- 100% | Hacker-Mutant Dominant Class ---------------- Hacker-Mutant | -10/Materials Hacker-Mutant | -9/Materials Hacker-Mutant | -9/Storage Resources | -11 -10 -9 -9 ----------- Run | Yrd Mat Mat Sto Matter Collected 775 | 242 180 150 203 Remotely . | . . . . Salvage Created 1601 | . 288 316 997 Parts 94 | . 27 20 47 Haulers Intercepted . | . . . . Recyclers Shooed 3 | . 2 . 1 Parts Field Recycled . | . . . . Retrieved Matter . | . . . . Parts Self-Destructed . | . . . . Prevented . | . . . . Kills | -11 -10 -9 -9 ------- Run | Yrd Mat Mat Sto Combat Hostiles Destroyed 30 | . 8 5 17 Guns 21 | . 6 5 10 Cannons 6 | . 2 . 4 AOE 2 | . . . 2 Classes Destroyed 8 | . 4 3 1 Builder 2 | . 1 . 1 Recycler 5 | . 1 1 3 Watcher 1 | . 1 . . Swarmer 10 | . 8 . 2 Grunt 8 | . . 2 6 Brawler 1 | . . . 1 Duelist 1 | . . 1 . Sentry 10 | . . 2 8 Best Kill Streak 4 | . 4 3 4 Combat Bots Only 4 | . 4 2 3 Max Kills in Single Turn 3 | . 2 1 3 Gunslinging . | . . . . Exploded 1 | . . . 1 Melee . | . . . . Uniques/NPCs Destroyed . | . . . . Combat | -11 -10 -9 -9 -------- Run | Yrd Mat Mat Sto Hostile Shots Fired 133 | . 26 19 88 Missed 41 | . 11 3 27 Hits 92 | . 15 16 61 Melee 3 | . . 3 . Projectile 89 | . 15 13 61 Critical Strikes 4 | . . 2 2 Actively Blocked 1 | . . . 1 Damage Taken 853 | . 73 162 618 Core 201 | . 9 72 120 Absorbed by Shields . | . . . . Redirected to Shielding 22 | . . . 22 Ignored by Resistances 537 | . 52 100 385 Regen/Repaired (Parts) 94 | . . 47 47 Core Remaining (%) 98 | 100 96 . . Volleys Fired 80 | . 19 13 48 Largest 2 | . 2 2 2 Hottest 124 | . 96 90 124 Shots Fired 145 | . 33 26 86 Gun 105 | . 22 26 57 Cannon 33 | . 11 . 22 Launcher 7 | . . . 7 Special . | . . . . Kinetic 6 | . 6 . . Thermal 42 | . . . 42 Explosive . | . . . . Electromagnetic 97 | . 27 26 44 Robot Hit Streak 27 | . 7 15 27 Robot Miss Streak 2 | . 2 1 2 Penetration Max . | . . . . Secondary Targets 1 | . . . 1 Max Gunslinging Chain 1 | . . . 1 Shots Hit Robots 117 | . 22 24 71 Core Hits 61 | . 12 16 33 Critical Kills . | . . . . Critical Parts Destroyed . | . . . . Critical Strikes 2 | . . . 2 Burn 2 | . . . 2 Melee Attacks 15 | . 4 . 11 Impact . | . . . . Slashing 15 | . 4 . 11 Piercing . | . . . . Sneak Attacks . | . . . . Combat Hostiles . | . . . . Follow-up Attacks . | . . . . Damage Inflicted 2266 | . 356 354 1556 Guns 1391 | . 195 354 842 Cannons 445 | . 137 . 308 Explosions 405 | . . . 405 Melee 24 | . 24 . . Ramming 1 | . . . 1 Kinetic 50 | . 50 . . Thermal 955 | . . . 955 Explosive . | . . . . Electromagnetic 1236 | . 282 354 600 Impact . | . . . . Slashing 24 | . 24 . . Piercing . | . . . . Highest Corruption . | . . . . Average Corruption . | . . . . Corruption Purged . | . . . . Corruption Blocked . | . . . . Overload Shots . | . . . . Overflow Damage 15 | . 10 . 5 Projectiles 10 | . 10 . . Explosions 5 | . . . 5 Melee . | . . . . Knockbacks . | . . . . Impact . | . . . . Kinetic . | . . . . Secondary . | . . . . Self-Inflicted Damage 119 | . . . 119 Shots 8 | . . . 8 Rammed 1 | . . . 1 Targets Rammed 1 | . . . 1 Kicked . | . . . . Crushed . | . . . . Highest Temperature 339 | . 144 216 339 Average Temperature 95 | . 55 82 110 Received Heat Transfer 417 | . 12 108 297 Effects 5 | . . . 5 Interference 5 | . . . 5 Siege Activations . | . . . . Martial Activations . | . . . . Shielding Activations . | . . . . Robots Disrupted . | . . . . Combat Hostiles . | . . . . Robots Corrupted 1 | . . . 1 Combat Hostiles 1 | . . . 1 Parts Fried 7 | . 3 . 4 Impact Corruptions . | . . . . Robots Melted . | . . . . Combat Hostiles . | . . . . Parts Melted 7 | . . . 7 Heat Transferred 1669 | . . . 1669 Parts Sabotaged . | . . . . Parts Stolen . | . . . . Parts Stripped . | . . . . Power Chain Reactions 5 | . . . 5 Alert | -11 -10 -9 -9 ------- Run | Yrd Mat Mat Sto Maximum Alert Level . | . . . . Low Security (%) 100 | 100 100 100 100 Level 1 . | . . . . Level 2 . | . . . . Level 3 . | . . . . Level 4 . | . . . . Level 5 . | . . . . High Security . | . . . . Max Security . | . . . . Peak Influence 106 | . 85 45 106 Initial . | . . . . Average 16 | . 23 4 22 Influence Increases 916 | . 265 135 516 Destroy 0b10 Robot/C 600 | . 160 100 340 Destroy 0b10 Robot/NC 40 | . 15 5 20 Destroy Leader 172 | . 42 30 100 Successful Hack 10 | . . . 10 Disable Machine 8 | . . . 8 Destroy Structure 26 | . 3 . 23 Lose Combat Pursuer 60 | . 45 . 15 Influence Decreases 825 | . 265 135 425 Time Decay 821 | . 265 135 421 Lost Part 4 | . . . 4 Squads Dispatched 4 | . . . 4 Investigation 1 | . . . 1 Extermination . | . . . . Reinforcement . | . . . . Assault . | . . . . Garrison 3 | . . . 3 Intercept . | . . . . Searches Triggered . | . . . . Construction Impeded . | . . . . Haulers Reinforced . | . . . . Active Scanning Responses . | . . . . Cargo Convoy Interrupts . | . . . . Stealth | -11 -10 -9 -9 --------- Run | Yrd Mat Mat Sto Distress Signals 4 | . 4 . . Communications Jammed . | . . . . Distress Signals . | . . . . Times Spotted 44 | . 17 7 20 Peak Tracking Total 3 | . 3 2 3 Tactical Retreats 4 | . 3 . 1 Traps | -11 -10 -9 -9 ------- Run | Yrd Mat Mat Sto Traps Triggered . | . . . . Indirectly . | . . . . Trap Hack Attempts . | . . . . Triggered . | . . . . Disarmed . | . . . . Reprogrammed . | . . . . Reused . | . . . . Traps Extracted . | . . . . Installed . | . . . . Triggered . | . . . . Machines | -11 -10 -9 -9 ---------- Run | Yrd Mat Mat Sto Machines Disabled 2 | . . . 2 Max in Single Turn 1 | . . . 1 Machines Repaired . | . . . . Machines Dismantled . | . . . . Machines Sabotaged . | . . . . Overloaded Fab Kills . | . . . . Hacking | -11 -10 -9 -9 --------- Run | Yrd Mat Mat Sto Machines Accessed 5 | . . 1 4 Terminals 3 | . . . 3 Fabricators . | . . . . Repair Stations 2 | . . 1 1 Recycling Units . | . . . . Scanalyzers . | . . . . Garrison Access . | . . . . Total Hacks 12 | . . 4 8 Successful 11 | . . 4 7 Failed 1 | . . . 1 Catastrophic . | . . . . Database Lockouts . | . . . . Manual . | . . . . Terminals 4 | . . . 4 Fabricators . | . . . . Repair Stations 8 | . . 4 4 Recycling Units . | . . . . Scanalyzers . | . . . . Garrison Access . | . . . . Terminal Hacks 3 | . . . 3 Open Door 3 | . . . 3 Fabricator Hacks . | . . . . Repair Station Hacks 8 | . . 4 4 Scan Component 4 | . . 2 2 Repair 4 | . . 2 2 Recycling Unit Hacks . | . . . . Scanalyzer . | . . . . Garrison Access Hacks . | . . . . Unauthorized Hacks . | . . . . Terminals . | . . . . Fabricators . | . . . . Repair Stations . | . . . . Recycling Units . | . . . . Scanalyzers . | . . . . Garrison Access . | . . . . Data Cores Recovered . | . . . . Used . | . . . . Hacking Detections 3 | . . 1 2 Full Trace Events 1 | . . . 1 Feedback Events . | . . . . Feedback Blocked . | . . . . Robot Schematics Acquired . | . . . . Robots Built . | . . . . Authchips . | . . . . Time . | . . . . Total Robot Build Rating . | . . . . Part Schematics Acquired . | . . . . Parts Built . | . . . . Authchips . | . . . . Time . | . . . . Total Part Build Rating . | . . . . Parts Repaired 4 | . . 2 2 Time 150 | . . 64 86 Parts Recycled . | . . . . Recycled Matter . | . . . . Retrieved Matter . | . . . . Retrieved Components . | . . . . Parts Scanalyzed . | . . . . Part Schematics Acquired . | . . . . Parts Damaged . | . . . . Bothacking | -11 -10 -9 -9 ------------ Run | Yrd Mat Mat Sto Used RIF Installer . | . . . . Robots Hacked . | . . . . Non-combat . | . . . . Combat . | . . . . Robot Hacks Applied . | . . . . Relay Couplers Released . | . . . . Fabnet Peak Effective % . | . . . . Robots Rewired . | . . . . Allies Hacked . | . . . . Hacks Repelled . | . . . . Allies | -11 -10 -9 -9 -------- Run | Yrd Mat Mat Sto Total Allies . | . . . . Largest Group . | . . . . Highest-Rated Group . | . . . . Highest-Rated Ally . | . . . . Total Orders . | . . . . Ally Attacks . | . . . . Total Damage . | . . . . Kills . | . . . . Allies Corrupted . | . . . . Allies Melted . | . . . . Intel | -11 -10 -9 -9 ------- Run | Yrd Mat Mat Sto Active Infowar (turns) 1362 | . . 648 714 Terrain 1362 | . . 648 714 Robot Analysis Total . | . . . . Derelict Logs Recovered . | . . . . Drone Launches . | . . . . Drone Recoveries . | . . . . Exploration | -11 -10 -9 -9 ------------- Run | Yrd Mat Mat Sto Turns Passed 2181 | 85 563 648 885 Spaces Moved 890 | 52 279 261 298 Core 3 | 3 . . . Treads . | . . . . Legs 371 | 49 279 43 . Wheels . | . . . . Hover . | . . . . Flight 516 | . . 218 298 Fastest Speed 50 | 50 120 169 99 Average Speed 162 | 126 155 173 166 Slowest Speed 455 | 190 190 455 169 Overloaded Moves . | . . . . Propulsion Burnouts . | . . . . Robots Hopped . | . . . . Potential Cave-ins . | . . . . Cave-ins Triggered . | . . . . Exploration Rate (%) 28 | 4 53 18 39 Regions Visited 3 Branch Regions 1 Pre-discovered Areas . | . . . . Known Exits Taken 3 | 1 1 1 . Unknown Exits Taken . | . . . . Scrap Searched . | . . . . Spaces Dug 6 | . 3 . 3 Terrain Destroyed 20 | . 3 . 17 Melee 6 | . 3 . 3 Projectile . | . . . . AOE 14 | . . . 14 Terrain Rammed . | . . . . Walls Destroyed . | . . . . Machines Disabled . | . . . . Actions | -11 -10 -9 -9 --------- Run | Yrd Mat Mat Sto Total 1442 | 68 370 430 574 Wait 319 | . 10 127 182 Move 887 | 51 278 260 298 Hop . | . . . . Pick Up 47 | 9 23 8 7 Fast Attach 16 | 5 4 4 3 Attach 10 | 2 1 3 4 Detach 2 | . . . 2 Swap 30 | 1 11 5 13 Drop 35 | . 20 10 5 Fire 80 | . 19 13 48 Melee 15 | . 4 . 11 Ram 1 | . . . 1 Kick . | . . . . Crush . | . . . . Escape Stasis . | . . . . Rewire . | . . . . Trap . | . . . . Miscellaneous . | . . . . Route ------- -11/Scrapyard -10/Materials (discovered 2 exits: *Mat / *Sub) -9/Materials -9/Storage (discovered 1 exit: Rec) History --------- Turn | Location | Event 8 | -11/Scrapyard | Identified exit to Materials 8 | -11/Scrapyard | Discovered exit to Materials (range 16) 86 | -11/Scrapyard | Entered Materials 86 | -10/Materials | Evolved 1 slot: Propulsion x1 322 | -10/Materials | Build established: Hacker-Mutant 526 | -10/Materials | Identified exit to Materials 526 | -10/Materials | Discovered exit to Materials (range 9) 620 | -10/Materials | Identified exit to Subcaves 620 | -10/Materials | Discovered exit to Subcaves (range 15) 649 | -10/Materials | Entered another Materials area 649 | -9/Materials | Evolved 2 slots: Utility x2 1063 | -9/Materials | Identified exit to Storage 1063 | -9/Materials | Discovered exit to Storage (range 16) 1128 | -9/Materials | Repaired EM Shotgun 1258 | -9/Materials | Repaired EM Shotgun 1297 | -9/Materials | Entered Storage 1431 | -9/Storage | Identified exit to Recycling 1431 | -9/Storage | Discovered exit to Recycling (range 13) 1584 | -9/Storage | Repaired Imp. VTOL Module 1612 | -9/Storage | Repaired Terrain Scanner 1730 | -9/Storage | Garrison activated, responded to threat 2182 | -9/Storage | Self-destructed Last Messages --------------- Overheating: System interference. Terrain Scanner temporarily disabled. K-01 Serf collects debris. Slammed into K-01 Serf. S-10 Pest destroyed. S-10 Pest suffers critical hit (Burn). Flight Unit melted. S-10 Pest destroyed. U-05 Engineer builds a Door. G-34 Mercenary destroyed. Connecting with Door Terminal... >>Open(Door) Sealed Heavy Doors opened. Y-45 Defender destroyed. Y-45 Defender suffers critical hit (Burn). Y-45 Defender heat damages Heat Sink. Imp. Ion Engine melted. Heat Sink melted. Y-45 Defender destroyed. Acquired Drone Bay. Map ----- +----------------------------------------------------+ | ???????????????????????????????? | | ???????????????????????????????? | | ???????????????????????????????? | | ???????????????????????????????? | | ???????????????????????????????? | | ???????????????????????????????? | | ???????????????????????????????? | | ???????????????????????????????? | | ???????????????????????????????? | | ???????????????????????????????? | | ???????????????????????????????? | | ????????????????? ??????????? | | ????????????????? ??????????? | | ????????????????? ??????????? | | ?????????????????# ??????????? | | ?????????????????# ??????????? | | ?????????????????# #?????????? | | ?????????????????# #?????????? | | ?????????????????# #?????????? | | ?????????????????# #?????????? | | ?????????????????# #?????????? | | ????????????????## #####?????? | | ??????????#???#### ##T######?? | | ??????????? ???### ## #!!!!##? | | ????? ######+#### #= #?? | | ????? ^ !+%#@!!!#?# | | ????? ^ == T[!########?? | | ????? !%= #?#??#?#?? | | ????#??########## #??????##? | | ????????? ? ? ??## ##?###?#??# | | ?????????" ??????# #?##?????#? | | ???????"????G? ### ######?#?## | | #??????"?" ????### =#* ]]##???? | | ???? ??? ? ???# =*#!%]]##?#?# | | ?????? ?? ? ?## *%+[!]]#?#?#? | | ?#+#####+#??###### ==#T####???## | | ?+ ^""" ###??#?## #####??#### | | # "Y" ######### ##??#?####? | | ?# #?######### | | ?# ##########+#######????# | | # #### ###### | | ?# #### ###### | | # #### #??#?# | | ?# ### #### ###?## | | # ### #### #####? | | # ### #### % ###### | | + ## ###########+#######??? | | # ## % % #######?## | | # ## ###?##?##? | | # ## ##### % #########? | +----------------------------------------------------+ Best States ------------- Heat Dissipation 28 Energy Generation 14 Energy Capacity 415 Matter Stores 300 Matter Capacity 300 Sight Range 16 Terrain Scan Range 14 Terrain Scan Density 85 Resistance: KI 35 Resistance: TH 35 Resistance: EX 35 Resistance: EM 35 Resistance: I 35 Resistance: S 35 Resistance: P 35 Utility Shielding 33 Evasion (%) 55 Targeting Accuracy 6 Offensive Hacking 20 Item Schematics ----------------- None Robot Schematics ------------------ None Fabricated ------------ Nothing Repaired ---------- EM Shotgun | 70% | -9/Materials EM Shotgun | 36% | -9/Materials Imp. VTOL Module | 20% | -9/Storage Terrain Scanner | 65% | -9/Storage Alien Tech Used ----------------- None Achievements -------------- None Challenges ------------ None Game ------ Seed MinesnifferImprinterBay Manual? 0 Play Time 00:36:59 Cumulative 18.6 hours Start 2025.10.04 @ 15:49:10 End 2025.10.04 @ 16:23:56 Sessions 1 Manual Loads 0 Difficulty Explorer Special Mode None Game No. 12 Rogue 0 Adventurer 0 Explorer 12 Win Type - Total 0 Types 0/0/0/0/0/0/0/0/0/0 Lore% 4 Gallery% 19 Achievement% 16 Wizard Run 0 Options --------- Layout 1 ASCII 0 Keyboard 0 Movement Numpad Keybinds 0 Fullscreen 1 Font 24/Smallcaps Map View 50x35 Zoom Use 0% Tactical HUD 0 Map Filters NONE Filters NONE Steam 1 RUN: 0073a5e6-bf81-4c6e-9e47-1c7f0c94da2a